 Dungeon Crawl Stone Soup version 0.31-a0-795-g5eb97db20b (webtiles) character file.

Game seed: 17979088873335968251

32 demibob the Poker (level 3, -2/43 HPs)
             Began as a Merfolk Chaos Knight on Sept 18, 2023.
             Was a Plaything of Xom.
             Slain by a gnoll
             ... wielding a +0 spear
              (6 damage)
             ... on level 2 of the Dungeon.
             The game lasted 00:01:03 (786 turns).

demibob the Poker (Merfolk Chaos Knight)             Turns: 786, Time: 00:01:06

Health: -2/43      AC:  5    Str: 12    XL:     3   Next: 27%
Magic:  3/3        EV: 12    Int: 11    God:    Xom [..*...]
Gold:   85         SH:  0    Dex: 15    Spells: 2/2 levels left

rFire   . . .        a - +0 spear (chaos)
rCold   . . .        (no shield)
rNeg    . . .        b - +2 leather armour
rPois   .            (no helmet)
rElec   .            (no cloak)
rCorr   .            (no gloves)
SInv    .            (no boots)
Will    .....        (no amulet) Stlth
                     (no ring)
HPRegen 0.27/turn    (no ring)
MPRegen 0.08/turn

%: no passive effects
@: berserking, very quick
A: (nimble swimmer 2), mertail
a: Renounce Religion


You were on level 2 of the Dungeon.
You worshipped Xom.
You were a toy of Xom.
You visited 1 branch of the dungeon, and saw 2 of its levels.

You collected 85 gold pieces.


Innate Abilities, Weirdness & Mutations

((You are very nimble when in or above water. (Stealth+, EV+, Speed+++)))
Your lower body shifts to a powerful aquatic tail in water.


   Skills:
 - Level 3.2 Fighting
 + Level 5.7 Polearms
 - Level 0.6 Armour
 - Level 2.6 Dodging


You had 2 spell levels left.
You didn't know any spells.
Your spell library was empty.

Inventory:

Hand Weapons
 a - a +0 spear of chaos (weapon)
Missiles
 e - 4 atropa-tipped darts
Armour
 b - a +2 leather armour (worn)
Scrolls
 c - a scroll of butterflies
 d - a scroll of vulnerability
 f - a scroll of immolation {unknown}
Potions
 i - a potion of berserk rage {!q}
 j - a potion of haste {unknown}
 k - a potion of attraction {unknown}
 l - a potion of heal wounds {unknown}

Dungeon Overview and Level Annotations

Branches:
Dungeon (2/15)

Altars:

#......###
##...#### #
#...## # ##...#
# ####...## #
####......# #
####........## #
# #..gg.....###
#
#.###.gb@.#####
# #..gZ.g######
# #.............
#
>......†........
#
.#........?..#.#
.. #.......#####
## ###...#.. .
#..##... # #..
.... .


You could see 2 gnolls, 2 hobgoblins, a goblin (ally target), a bat and a
friendly goblin zombie.


Message History

* * * LOW HITPOINT WARNING * * *
The gnoll attacks as it pursues you! The gnoll hits you but does no damage.
The hobgoblin misses you.
The goblin unwields a +0 sling.
The goblin wields a +0 club.
The goblin hits your goblin zombie with a +0 club.
Your goblin zombie hits the goblin.
The gnoll attacks as it pursues you! The gnoll misses you.
Your goblin zombie misses the goblin.
The hobgoblin barely misses your goblin zombie.
The hobgoblin attacks as it pursues you!
The hobgoblin closely misses you.
It was a potion of berserk rage.
A red film seems to cover your vision as you go berserk!
You feel yourself moving faster!
You feel mighty! The gnoll hits you with a +0 club.
* * * LOW HITPOINT WARNING * * *
The hobgoblin barely misses your goblin zombie.
The gnoll hits you from afar with a +0 spear.
* * * LOW HITPOINT WARNING * * *
Your goblin zombie hits the bat but does no damage.
You closely miss the gnoll.
The gnoll is heavily wounded.
The gnoll hits you with a +0 club.
* * * LOW HITPOINT WARNING * * *
You puncture the gnoll! You burn the gnoll.
You kill the gnoll!
The hobgoblin hits your goblin zombie. The bat barely misses you.
The gnoll hits you from afar with a +0 spear.
You die...
Xom cackles wildly!

Skill      XL: |  1  2 |
---------------+-------+-----
Polearms       | 5 |  5.7
Fighting       | |  3.2
Armour         | |  0.6
Dodging        | |  2.6

Action                     || total
---------------------------++-------
  Melee: Spear             ||    80
         Punch             ||     1
    Use: Scroll            ||     4
         Potion            ||     1
   Stab: Petrified         ||     3
         Petrifying        ||     2
         Sleeping          ||     2
 Armour: Leather armour    ||    37
  Dodge: Dodged            ||    46

Levels and vault maps discovered:
D:1:      spicycebolla_arrival_xxxplode, layout_loops_ring, hex_large
D:2:      kennysheep_the_goblin_king, layout_rooms, serial_curves,
          eino_curves_04, eino_curves_02, eino_curves_01, eino_curves_03,
          uniq_sigmund

Notes
Turn   | Place    | Note
-------+----------+-------------------------------------------
     0 | D:1      | demibob the Merfolk Chaos Knight began the quest for the
                  | Orb.
     0 | D:1      | Reached XP level 1. HP: 18/18 MP: 1/1
   189 | D:1      | Reached XP level 2. HP: 24/24 MP: 2/2
   303 | D:1      | Reached skill level 5 in Polearms
   377 | D:1      | XOM: divination: detect creatures
   657 | D:2      | Reached XP level 3. HP: 28/29 MP: 3/3
   785 | D:2      | HP: 4/43 [gnoll/+0 club (6)]
   786 | D:2      | Slain by a gnoll

Vanquished Creatures
  A gnoll (D:2)
  3 ball pythons
  2 bats (D:1)
  2 endoplasms (D:1)
  2 giant cockroaches (D:1)
  2 hobgoblins
  2 kobolds (D:1)
  2 quokkas
  A frilled lizard (D:1)
  9 goblins
  A rat (D:2)
27 creatures vanquished.

Table legend: (Time is in decaauts)
 A = Elapsed time spent in this place.
 B = Non-inter-level travel time spent in this place.
 C = Inter-level travel time spent in this place.
 D = Time resting spent in this place.
 E = Time spent auto-exploring this place.
 F = Levels seen in this place.
 G = Mean time per level.
                   A        B        C        D        E       F      G
               +--------+--------+--------+--------+--------+-----+--------+
         Total |    773 |    771 |      2 |      0 |    612 |   2 |  386.5 |
       Dungeon |    773 |    771 |      2 |      0 |    612 |   2 |  386.5 |
               +--------+--------+--------+--------+--------+-----+--------+

Top non-repeatable levels by time:
     D:1: 632 daAuts
     D:2: 141 daAuts

Table legend:
 A = Non-vault XP
 B = Vault XP
 C = Vault XP percentage of total XP
 D = Non-vault monster count
 E = Vault monster count
 F = Vault count percentage of total count
                 A         B        C        D         E       F
            +---------+---------+-------+---------+---------+-------
      Total |      48 |      13 |  21.3 |      20 |       7 |  25.9
            +---------+---------+-------+---------+---------+-------
        D:1 |      28 |       0 |   0.0 |      15 |       0 |   0.0
        D:2 |      20 |      13 |  39.4 |       5 |       7 |  58.3
            +---------+---------+-------+---------+---------+-------
